 Dungeon Crawl Stone Soup version 0.25-a0-280-gfa4545f159 (webtiles) character file.

Game seed: 16162897403872907519, levelgen mode: deterministic

2 MisterFreud the Vexing (level 1, -1/15 HPs)
             Began as a Human Wanderer on Dec 10, 2019.
             Slain by a gnoll
             ... wielding a +0 whip
              (8 damage)
             ... on level 1 of the Dungeon.
             The game lasted 00:01:13 (448 turns).

MisterFreud the Vexing (Human Wanderer)              Turns: 448, Time: 00:01:14

Health: -1/15      AC:  2    Str: 12    XL:     1   Next: 44%
Magic:  2/2        EV: 12    Int: 12    God:
Gold:   21         SH:  0    Dex: 12    Spells: 1/2 levels left

rFire    . . .     SeeInvis .   a - +0 club
rCold    . . .     Gourm    .   (no shield)
rNeg     . . .     Faith    .   d - +0 robe
rPois    .         Spirit   .   (no helmet)
rElec    .         Reflect  .   (no cloak)
rCorr    .         Harm     .   (no gloves)
MR       .....                  (no boots)
Stlth    ++........             (no amulet)
HPRegen  0.05/turn              (no ring)
MPRegen  0.08/turn              (no ring)

@: no status effects
A: no striking features
a: no special abilities


You were on level 1 of the Dungeon.
You were not hungry.

You visited 1 branch of the dungeon, and saw 1 of its levels.

You collected 21 gold pieces.

Inventory:

Hand Weapons
 a - a +0 club (weapon)
Missiles
 k - 15 poisoned darts (quivered)
Armour
 d - a +0 robe (worn)
Scrolls
 e - a scroll of remove curse {unknown}
 i - a scroll of identify {unknown}
Potions
 b - a potion of lignification
 c - a potion of curing
 g - a potion of cancellation {unknown}
 h - a potion of invisibility {unknown}
Comestibles
 f - a ration


   Skills:
 - Level 1.0 Fighting
 - Level 1.0 Throwing
 - Level 2.0 Dodging
 + Level 1.4 Stealth
 - Level 1.0 Spellcasting
 - Level 3.0 Hexes
   Level 1.0 Air Magic


You had one spell level left.
You knew the following spells:

 Your Spells              Type           Power        Failure   Level  Hunger
a - Corona                Hex            #......      9%          1    ##.....

Your spell library contained the following spells:

 Spells                   Type           Power        Failure   Level  Hunger
 Ensorcelled Hibernation  Hex/Ice        #.....       24%         2    ###....
 Confuse                  Hex            #.......     26%         3    ####...
 Tukima's Dance           Hex            #.......     26%         3    ####...
 Dazzling Flash           Conj/Hex       #.....       43%         3    ####...


Dungeon Overview and Level Annotations

Branches:
Dungeon (1/15)

Altars:


Message History

You hit the gnoll but do no damage.
The gnoll is severely wounded.
The gnoll barely misses you. The gnoll misses you.
You hit the gnoll.
The gnoll is severely wounded.
The gnoll completely misses you.
You completely miss the gnoll.
The gnoll is severely wounded.
The gnoll hits you with a +0 whip.
You closely miss the gnoll.
The gnoll is severely wounded.
The gnoll barely misses you. The gnoll closely misses you.
You hit the gnoll but do no damage.
The gnoll is severely wounded.
The gnoll completely misses you.
You hit the gnoll.
The gnoll is almost dead.
The gnoll hits you with a +0 whip!
Ouch! That really hurt!
You die...

###
#.#############
#.............#
#.###########.#
#@# #.# #g#
####.#### #K#
#.#...... #w#
######.#..####
... ..........#
... ....##.#..#
#..... #.#..#
#.... #.#..#
......
#.#..####


You could see a gnoll, a dart slug and a kobold.

Vanquished Creatures
  A goblin (D:1)
  A frilled lizard (D:1)
  A rat (D:1)
3 creatures vanquished.

Notes
Turn   | Place    | Note
-------+----------+-------------------------------------------
     0 | D:1      | MisterFreud the Human Wanderer began the quest for the Orb.
     0 | D:1      | MisterFreud set off with the following items: a +0 club, a
                  | potion of lignification, a potion of curing, a +0 robe, a
                  | ration; and the following spell memorised: Corona; and the
                  | following spells available to memorise: Ensorcelled
                  | Hibernation, Confuse, Tukima's Dance, Dazzling Flash
     0 | D:1      | Reached XP level 1. HP: 15/15 MP: 2/2
   448 | D:1      | Slain by a gnoll

Levels and vault maps discovered:
D:1:      dpeg_arrival_arbitrary_a, layout_basic, minmay_pentomino_v4

Action                   || total
-------------------------++-------
Melee: Club              ||    32
Armor: Robe              ||     2
Dodge: Dodged            ||    29

Table legend:
 A = Non-vault XP
 B = Vault XP
 C = Vault XP percentage of total XP
 D = Non-vault monster count
 E = Vault monster count
 F = Vault count percentage of total count
                 A         B        C        D         E       F
            +---------+---------+-------+---------+---------+-------
      Total |       4 |       0 |   0.0 |       3 |       0 |   0.0
            +---------+---------+-------+---------+---------+-------
        D:1 |       4 |       0 |   0.0 |       3 |       0 |   0.0
            +---------+---------+-------+---------+---------+-------
